 Dungeon Crawl Stone Soup version 0.19-a0-517-gd6a9987 (webtiles) character file.

272 tyrsky the Conjurer (level 6, -9/45 HPs)
             Began as a Draconian Conjurer on June 6, 2016.
             Was an Initiate of Ru.
             Killed by divine providence
             ... invoked by an orc priest
              (10 damage)
             ... on level 5 of the Dungeon.
             The game lasted 00:06:27 (1960 turns).

tyrsky the Conjurer (Draconian Conjurer)            Turns: 1960, Time: 00:06:27

Health: -9/45      AC:  7    Str: 12    XL:     6   Next: 2%
Magic:  5/9        EV: 12    Int: 16    God:    Ru [......]
Gold:   62         SH:  0    Dex: 11    Spells: 2 memorised, 4 levels left

rFire  . . .     SeeInvis .     d - +1 mace (drain)
rCold  . . .     Gourm    .     (armour unavailable)
rNeg   . . .     Faith    .     (no shield)
rPois  .         Spirit   .     m - +0 hat
rElec  .         Dismiss  .     l - +0 cloak
rCorr  .         Reflect  .     (no gloves)
SustAt .         Harm     .     (no boots)
MR     .....                    (no amulet)
Stlth  ++........               (no ring)
                                (no ring)

@: lethally poisoned (-9 -> -10), very slightly contaminated, not resistant to
hostile enchantments, unstealthy
A: unfitting armour, cold-blooded, AC +6
a: Renounce Religion


You were on level 5 of the Dungeon.
You worshipped Ru.
Ru was noncommittal.
You were hungry.

You visited 1 branch of the dungeon, and saw 5 of its levels.

You collected 62 gold pieces.

Inventory:

Hand Weapons
 d - a +1 mace of draining (weapon)
Armour
 l - a +0 cloak (worn)
 m - a +0 hat (worn)
Scrolls
 e - 3 scrolls of remove curse
 f - a scroll of identify {@*1}
 h - 2 scrolls of enchant weapon
Potions
 g - a potion of cure mutation
 i - 2 potions of agility
Books
 a - a book of Conjurations

   Spells                             Type                      Level
   a - Magic Dart                     Conjuration                  1
   b - Searing Ray                    Conjuration                  2
   c - Dazzling Spray                 Conjuration/Hexes            3
   d - Fulminant Prism                Conjuration/Hexes            4
   e - Iskenderun's Mystic Blast      Conjuration                  4
   f - Iskenderun's Battlesphere      Conjuration/Charms           5
Comestibles
 b - 2 bread rations
 c - 3 meat rations


   Skills:
 - Level 1.7 Dodging
 - Level 1.7 Stealth
 - Level 2.0 Spellcasting
 + Level 6.5 Conjurations
 + Level 2.6 Hexes


You had 4 spell levels left.
You knew the following spells:

 Your Spells              Type           Power        Failure   Level  Hunger
a - Magic Dart            Conj           ###.         1%          1    #......
b - Fulminant Prism       Conj/Hex       ###.......   34%         4    #####..


Dungeon Overview and Level Annotations

Branches:
Dungeon (5/15)
 Temple: D:4-7

Altars:
Ashenzari
Elyvilon
Ru
The Shining One


Innate Abilities, Weirdness & Mutations

Your plain brown scales are hard. (AC +6)
Your body does not fit into most forms of armour.
You are cold-blooded and may be slowed by cold attacks.


Message History

* * * LOW HITPOINT WARNING * * *
You feel sick.
* * * LOW HITPOINT WARNING * * *
You feel sick.
The worker ant bites you but does no damage.
Found 8 gold pieces.
* * * LOW HITPOINT WARNING * * *
You feel sick.
An ogre comes into view. It is wielding a giant spiked club.
* * * LOW HITPOINT WARNING * * *
You feel sick.
The worker ant bites you but does no damage.
Found a white marble altar of Elyvilon.
Okay, then.
Okay, then.
* * * LOW HITPOINT WARNING * * *
You feel sick.
The orc priest mumbles some strange prayers to Beogh against you.
Beogh smites you!
You die...

#..####.......... #..#
#.#.#.#.#.#.
#.o####......O....
#...Oo....⌠.....⌠.
...$...###......._....
#####.## ##...⌠.....⌠
#. #.o........ #.
#.#a#.#.#.#. #.
#...d....... #.
##########.#


You could see 2 ogres, a worker ant, an orc priest and an orc.

Vanquished Creatures
  A centaur skeleton (D:4)
  An orc priest (D:3)
  Terence (D:3)
  An orc wizard (D:3)
  2 worker ants (D:3)
  5 adders
  A worm (D:3)
  A dart slug (D:3)
  A giant gecko (D:3)
  8 orcs (D:3)
  2 bats (D:3)
  5 giant cockroaches
  5 goblins (D:1)
  5 hobgoblins
  8 jackals
  3 kobolds
  2 quokkas (D:2)
  A ball python (D:3)
  2 giant newts (D:3)
  4 rats (D:1)
59 creatures vanquished.

Notes
Turn   | Place    | Note
--------------------------------------------------------------
     0 | D:1      | tyrsky the Draconian Conjurer began the quest for the Orb.
     0 | D:1      | Reached XP level 1. HP: 14/14 MP: 3/3
   222 | D:1      | Reached XP level 2. HP: 20/20 MP: 0/5
   522 | D:2      | Reached skill level 5 in Conjurations
   522 | D:2      | Reached XP level 3. HP: 26/26 MP: 0/6
   557 | D:2      | Found a glowing golden altar of the Shining One.
   734 | D:3      | Found a sacrificial altar of Ru.
   748 | D:3      | Reached XP level 4. HP: 33/33 MP: 0/7
   754 | D:3      | Learned a level 4 spell: Fulminant Prism
   774 | D:3      | Became a worshipper of Ru the Awakened
   899 | D:3      | Noticed Terence
   910 | D:3      | Killed Terence
   910 | D:3      | Reached skill level 1 in Hexes
  1075 | D:3      | Found a shattered altar of Ashenzari.
  1083 | D:3      | Reached skill level 6 in Conjurations
  1083 | D:3      | Reached XP level 5. HP: 33/38 MP: 2/8
  1917 | D:4      | Reached XP level 6. HP: 28/45 MP: 0/9
  1938 | D:5      | Entered Level 5 of the Dungeon
  1954 | D:5      | HP: 2/45 [poisoned by a worker ant]
  1956 | D:5      | Found a white marble altar of Elyvilon.
  1960 | D:5      | HP: 1/45 [poisoned by a worker ant]
  1960 | D:5      | Killed from afar by an orc priest

Vault maps used:
D:1:      matt_arrival_refuge
D:2:      tso_oasis_becter, minmay_overflow_temple_star_quad,
          grunt_decor_arrowhead, uniq_crazy_yiuf_cottage
D:3:      nicolae_ashenzari_panopticon, nicolae_ru_great_annihilating_truth,
          serial_forest, infiniplex_forest_zigzag_2,
          infiniplex_forest_straight_2, infiniplex_forest_straight_1,
          infiniplex_forest_straight_2, infiniplex_forest_zigzag_2,
          infiniplex_forest_lined_4_way, infiniplex_forest_straight_2,
          serial_bayou_pond_e, uniq_terence
D:4:      fedhas_altar_2, lemuel_crystal_altar, first_bread, serial_shops,
          shop_statue, lightli_minifort
D:5:      elyvilon_altar_5, old_standard_altar

Skill      XL: |  1  2  3  4  5 |
---------------+----------------+-----
Conjurations   | 5 6 |  6.5
Hexes          | 1 2 |  2.6
Dodging        | |  1.7
Stealth        | |  1.7
Spellcasting   | |  2.0

Action                   |  1- 3 |  4- 6 || total
-------------------------+-------+-------++-------
Melee: Mace              |    16 |    21 ||    37
       Tailslap          |     1 |     2 ||     3
 Cast: Magic Dart        |    46 |    98 ||   144
  Use: Scroll            |       |     6 ||     6
 Stab: Paralysed         |       |     1 ||     1
  Eat: Chunk             |       |     5 ||     5
Armor: Skin              |     8 |    18 ||    26
Dodge: Dodged            |    13 |    28 ||    41
